 Dungeon Crawl Stone Soup version 0.21-a0-440-g28109cb (webtiles) character file.

1092 Megalobster the Ruffian (level 8, -4/78 HPs)
             Began as a Troll Monk on Nov 10, 2017.
             Was a Priest of Wu Jian.
             Killed from afar by Ijyb (9 damage)
             ... with a wand of acid (?/15)
             ... on level 5 of the Dungeon.
             The game lasted 00:15:05 (3432 turns).

Megalobster the Ruffian (Troll Monk)                Turns: 3432, Time: 00:15:06

Health: -4/78      AC:  1    Str: 22    XL:     8   Next: 9%
Magic:  7/7        EV: 12    Int:  6    God:    Wu Jian [***...]
Gold:   281        SH:  0    Dex: 15    Spells: 7/7 levels left

rFire    . . .     SeeInvis .     - Unarmed
rCold    . . .     Gourm    +   (no shield)
rNeg     . . .     Faith    .   a - +0 robe
rPois    .         Spirit   .   (helmet restricted)
rElec    .         Reflect  .   (no cloak)
rCorr    .         Harm     .   (gloves unavailable)
MR       .....                  (boots unavailable)
Stlth    +.........             (no amulet)
HPRegen  0.63/turn              f - +3 ring of dexterity
MPRegen  0.10/turn              C - ring of loudness (curse)

@: about to teleport, corroded
A: unfitting armour, claws 3, fast metabolism 3, gourmand, regeneration 1,
shaggy fur 1, tough skin 2
a: Renounce Religion


You were on level 5 of the Dungeon.
You worshipped Wu Jian.
Wu Jian was most pleased with you.
You were completely stuffed.

You visited 1 branch of the dungeon, and saw 5 of its levels.

You collected 281 gold pieces.

Inventory:

Hand Weapons
 j - a +1 dagger of draining
 m - a cursed +0 hunting sling
 w - a +1 dagger of venom
Missiles
 d - 2 tomahawks (quivered)
 g - 136 stones
 n - 4 javelins
 y - 4 large rocks
 z - 5 needles of sleeping
Armour
 a - a +0 robe (worn)
Jewellery
 f - a +3 ring of dexterity (left claw)
 t - an uncursed ring of fire
 C - a cursed ring of loudness (right claw)
Scrolls
 e - 2 scrolls of enchant armour {unknown}
 i - 3 scrolls of teleportation
 k - 2 scrolls of amnesia {unknown}
 l - 4 scrolls of immolation
 o - 2 scrolls of blinking {unknown}
 p - a scroll of fear {unknown}
 r - 3 scrolls of identify {unknown}
 s - 2 scrolls of magic mapping {unknown}
 x - 2 scrolls of remove curse
 B - a scroll of random uselessness {unknown}
Potions
 h - 2 potions of agility {unknown}
 q - 3 potions of curing {unknown}
 u - a potion of degeneration {unknown}
 v - 2 potions of flight {unknown}
 A - a potion of haste {unknown}
Books
 E - a book of Minor Magic

   Spells                             Type                      Level
   a - Magic Dart                     Conjuration                  1
   b - Blink                          Translocation                2
   c - Call Imp                       Summoning                    2
   d - Slow                           Hexes                        2
   e - Conjure Flame                  Conjuration/Fire             3
   f - Mephitic Cloud                 Conjuration/Poison/Air       3
Comestibles
 b - 4 bread rations
 c - 3 meat rations
 F - a royal jelly


   Skills:
 + Level 4.3 Fighting
 + Level 3.3 Armour
 + Level 4.2 Dodging
 - Level 1.0 Stealth
 * Level 6.7 Unarmed Combat


You had 7 spell levels left.
You didn't know any spells.

Dungeon Overview and Level Annotations

Branches:
Dungeon (5/15)             Temple (0/1) D:4

Altars:
Fedhas
Vehumet
Wu Jian
Xom

Annotations:
D:5 Ijyb


Innate Abilities, Weirdness & Mutations

You are too large for most types of armour.
You have claws for hands.
Your metabolism is lightning-fast.
You like to eat raw meat.
Your natural rate of healing is unusually fast.
You are covered in fur. (AC +1)
You have very tough skin. (AC +2)


Message History

The adder zombie barely misses you. Ijyb closely misses you.
You spin and attack Ijyb.
You closely miss Ijyb.
Ijyb zaps a wand.
The bolt of acid hits you!
You are splashed with acid!
The acid burns!
You claw Ijyb!
Ijyb is moderately wounded.
The adder zombie barely misses you.
Ijyb zaps a wand.
The bolt of acid misses you.
You barely miss Ijyb.
Ijyb is moderately wounded.
The adder zombie closely misses you.
You scratch Ijyb but do no damage.
Ijyb is moderately wounded.
The adder zombie bites you.
Ijyb zaps a wand.
The bolt of acid hits you! The acid corrodes you!
You are splashed with acid!
The acid burns!
* * * LOW HITPOINT WARNING * * *
As you read the scroll of teleportation, it crumbles to dust.
You feel strangely unstable. The adder zombie bites you.
* * * LOW HITPOINT WARNING * * *
Ijyb zaps a wand.
The bolt of acid hits you!
You die...

#..# #.......#
#... #.......#
#... ###.######
#..# ##.#.≈♣## .
#..###.....♣§## <.
#...#_.≈._._≈≈#...
#....♣≈#._≈≈.≈^...
#.Z.#._≈^^.__.#.##
#@g###≈.≈.♣♣.##.##
#..# ##.≈.#.##....
#.... ###^###.....
#...... ....#.....
##+###+#....##..##
.... ##### ...
#.... #.... ##..#


You could see Ijyb and an adder zombie.

Vanquished Creatures
  The ghost of nikopol the Magician, a novice DEFE (D:5)
  Sigmund (D:5)
  An ice beast (D:5)
  A phantom (D:4)
  A sky beast (D:5)
  2 ogres
  A howler monkey (D:5)
  A hound (D:4)
  An iguana (D:5)
  An orc wizard (D:4)
  4 adders
  A shadow imp (D:5)
  A worm (D:3)
  A dart slug (D:4)
  3 leopard geckos
  20 orcs
  6 bats
  8 giant cockroaches
  5 goblins
  12 hobgoblins
  4 jackals (D:4)
  5 kobolds
  5 quokkas
  2 ball pythons
  6 frilled lizards
  13 rats
  A fungus (D:4)
108 creatures vanquished.

Notes
Turn   | Place    | Note
-------+----------+-------------------------------------------
     0 | D:1      | Megalobster the Troll Monk began the quest for the Orb.
     0 | D:1      | Reached XP level 1. HP: 22/22 MP: 0/0
   121 | D:1      | Reached XP level 2. HP: 29/29 MP: 1/1
   739 | D:2      | Reached XP level 3. HP: 36/36 MP: 2/2
   934 | D:2      | Reached skill level 1 in Armour
  1019 | D:2      | Found an ornate altar of the Wu Jian Council.
  1026 | D:2      | Became a worshipper of the Wu Jian Council
  1026 | D:2      | Reached * piety under Wu Jian
  1026 | D:2      | Reached ** piety under Wu Jian
  1233 | D:3      | Reached XP level 4. HP: 42/44 MP: 3/3
  1453 | D:3      | Reached skill level 4 in Unarmed Combat
  1494 | D:3      | Found a blossoming altar of Fedhas.
  1854 | D:3      | Reached *** piety under Wu Jian
  2010 | D:4      | Reached XP level 5. HP: 30/53 MP: 4/4
  2148 | D:4      | Noticed a phantom
  2545 | D:4      | Noticed an ogre
  2552 | D:4      | Killed an ogre
  2552 | D:4      | Reached XP level 6. HP: 61/61 MP: 5/5
  2677 | D:4      | Reached skill level 5 in Unarmed Combat
  2685 | D:4      | Found a staircase to the Ecumenical Temple.
  2785 | D:5      | Entered Level 5 of the Dungeon
  2785 | D:5      | Noticed a sky beast
  2796 | D:5      | Killed a sky beast
  2937 | D:5      | Noticed nikopol's ghost (novice DEFE)
  2956 | D:5      | Killed nikopol's ghost
  2956 | D:5      | Reached skill level 6 in Unarmed Combat
  2956 | D:5      | Reached XP level 7. HP: 62/68 MP: 6/6
  3038 | D:5      | Found a radiant altar of Vehumet.
  3039 | D:5      | Noticed Sigmund
  3044 | D:5      | Killed Sigmund
  3278 | D:5      | Reached XP level 8. HP: 32/78 MP: 7/7
  3408 | D:5      | Found a shimmering altar of Xom.
  3409 | D:5      | Found a shimmering altar of Xom.
  3410 | D:5      | Found a shimmering altar of Xom.
  3410 | D:5      | Found a shimmering altar of Xom.
  3410 | D:5      | Found a shimmering altar of Xom.
  3410 | D:5      | Found a shimmering altar of Xom.
  3412 | D:5      | Found a shimmering altar of Xom.
  3424 | D:5      | Noticed Ijyb
  3432 | D:5      | Killed from afar by Ijyb

Vault maps used:
D:1:      dpeg_arrival_line_fractal, kennysheep_nondescript
D:2:      marbit_many_paths
D:3:      lemuel_doored_altar
D:4:      minmay_temple_entry_poolview, serial_curves, eino_curves_02,
          eino_curves_02, minmay_gold_behind_fungi
D:5:      xom_redecorated, first_bread, basic_altar, uniq_ijyb, uniq_sigmund

Skill      XL: |  1  2  3  4  5  6  7 |
---------------+----------------------+-----
Armour         | 1 2 3 |  3.3
Unarmed Combat | 4 6 |  6.7
Fighting       | 3 4 |  4.3
Dodging        | 3 4 |  4.2
Stealth        | |  1.0

Action                   |  1- 3 |  4- 6 |  7- 9 || total
-------------------------+-------+-------+-------++-------
Melee: Unarmed           |    77 |   185 |    56 ||   318
       Punch             |     1 |     3 |       ||     4
Throw: Tomahawk          |       |     2 |     1 ||     3
       Stone             |       |     2 |       ||     2
  Use: Scroll            |       |     3 |     1 ||     4
 Stab: Sleeping          |     1 |     2 |       ||     3
       Distracted        |       |     1 |       ||     1
  Eat: Chunk             |    17 |    15 |     5 ||    37
Armor: Robe              |    28 |    44 |    10 ||    82
Dodge: Dodged            |    42 |    71 |    26 ||   139

Table legend:
 A = Spawn XP
 B = Non-spawn XP
 C = Spawn XP percentage of total XP
 D = Spawn monster count
 E = Non-spawn monster count
 F = Spawn count percentage of total count
 G = Total turns spent on level
                    A         B        C        D         E        F      G
               +---------+---------+-------+---------+---------+-------+---------
         Total |       0 |    1561 |   0.0 |       0 |     107 |   0.0 |  3432
               +---------+---------+-------+---------+---------+-------+---------
           D:1 |       0 |      37 |   0.0 |       0 |      24 |   0.0 |   696
           D:2 |       0 |      48 |   0.0 |       0 |      15 |   0.0 |   507
           D:3 |       0 |      95 |   0.0 |       0 |      34 |   0.0 |   734
           D:4 |       0 |     361 |   0.0 |       0 |      20 |   0.0 |   848
           D:5 |       0 |    1020 |   0.0 |       0 |      14 |   0.0 |   647
               +---------+---------+-------+---------+---------+-------+---------
